 Dungeon Crawl Stone Soup version 0.31-a0-1469-gd420192249 (webtiles) character file.

Game seed: 4901251798298837104

1245 BigPumpCobain the Ruffian (level 8, -3/117 HPs)
             Began as a Troll Shapeshifter on Dec 28, 2023.
             Was a Believer of Uskayaw.
             Slain by an orc warrior
             ... wielding a +0 halberd
              (12 damage)
             ... on level 5 of the Dungeon.
             The game lasted 00:04:54 (3479 turns).

BigPumpCobain the Ruffian (Troll Shapeshifter)      Turns: 3479, Time: 00:04:54

Health: -3/117     AC: 24    Str: 25    XL:     8   Next: 25%
Magic:  0/8        EV:  1    Int:  6    God:    Uskayaw [**....]
Gold:   188        SH:  0    Dex:  9    Spells: 7/7 levels left

rFire   . .          .
                       - Unarmed
rCold   . . .        (no shield)
rNeg    . . .        a - melded +0 animal skin
rPois   +            (helmet currently unavailable)
rElec   .            (cloak currently unavailable)
rCorr   .            (gloves unavailable)
SInv    .            (boots unavailable)
Will    .....        e - amulet of guardian spirit
Stlth   +            m - ring of flight
HPRegen 1.19/turn    (no ring)
MPRegen 0.11/turn

%: guardian spirit
@: tree-form
A: stationary, stasis, torment immunity, boosted hp, large, unfitting armour,
(claws 3), regeneration 1, (shaggy fur 1), (tough skin 1)
a: Renounce Religion, Stomp, Line Pass


You were on level 5 of the Dungeon.
You worshipped Uskayaw.
Uskayaw was noncommittal.
You were a tree.
You visited 2 branches of the dungeon, and saw 6 of its levels.

You collected 188 gold pieces.

Inventory:

Hand Weapons
 u - the +7 dagger "Keetygro" {freeze, rC+}
   (You found it on level 3 of the Dungeon)

   rC+:       It protects you from cold.
Armour
 a - a +0 animal skin (melded)
Jewellery
 e - an amulet of guardian spirit (around neck)
 m - a ring of flight (left branch)
Talismans
 c - a beast talisman
 d - a flux talisman
Wands
 w - a wand of paralysis (3)
 x - a wand of flame (6)
Scrolls
 g - a scroll of brand weapon
 h - 3 scrolls of poison
 i - 5 scrolls of teleportation
 k - a scroll of identify
 o - a scroll of noise
 p - a scroll of fog
 s - a scroll of silence
Potions
 b - a potion of lignification
 f - 2 potions of curing
 j - a potion of attraction {unknown}
 l - a potion of heal wounds {unknown}
 n - a potion of mutation {unknown}
 q - a potion of haste {unknown}
 r - a potion of enlightenment {unknown}
 z - 2 potions of cancellation {unknown}


   Skills:
 + Level 3.9 Fighting
 - Level 1.5 Dodging
 * Level 7.6 Unarmed Combat
 + Level 1.4 Invocations
 + Level 5.3 Shapeshifting


You had 7 spell levels left.
You didn't know any spells.
Your spell library contained the following spells:

 Spells                   Type           Power      Damage    Failure   Level
 Apportation              Tloc           0%         N/A       45%         1
 Kiss of Death            Conj/Necr      0%         2d5       45%         1
 Necrotise                Necr           0%         1d4       45%         1
 Sting                    Conj/Alch      0%         1d3       45%         1
 Summon Small Mammal      Summ           0%         N/A       45%         1
 Ensorcelled Hibernation  Hex/Ice        0%         N/A       58%         2
 Sublimation of Blood     Necr           0%         N/A       58%         2
 Confusing Touch          Hex            0%         N/A       83%         3
 Gell's Gravitas          Tloc           0%         N/A       83%         3
 Passwall                 Erth           0%         N/A       83%         3
 Swiftness                Air            0%         N/A       83%         3
 Teleport Other           Tloc           0%         N/A       83%         3
 Dispel Undead            Necr           0%         3d6       99%         4
 Petrify                  Alch/Erth      0%         N/A       99%         4
 Irradiate                Conj/Alch      0%         3d11      100%        5
 Dispersal                Tloc           0%         N/A       100%        6


Dungeon Overview and Level Annotations

Branches:
Dungeon (5/15)             Temple (1/1) D:5

Altars:
Ashenzari
Cheibriados
Dithmenos
Elyvilon
Gozag
Hepliaklqana
Nemelex Xobeh
Okawaru
Qazlal
Ru
Sif Muna
Trog
Uskayaw
Vehumet
Xom
Yredelemnul
Zin
The Shining One

Shops:
D:1 =


Innate Abilities, Weirdness & Mutations

You are a tree.
Your roots penetrate the ground, keeping you stationary.
You cannot be teleported.
You are immune to unholy pain and torment.
Your maximum health is greatly increased.
Your equipment is partially melded.
You are too large for most types of armour.
((You have claws for hands.))
Your natural rate of healing is unusually fast.
((You are covered in fur. (AC +1)))
((You have tough skin. (AC +1)))


Message History

A scorpion comes into view.
You can now pass through a line of other dancers.
You closely miss the black bear.
The black bear is heavily wounded.
The black bear bites you. The black bear claws you.
The black bear closely misses you. The sleepcap barely misses you.
The orc warrior hits you from afar with a +0 halberd.
You are too injured to fight recklessly!
You are too injured to fight recklessly!
You are too injured to fight recklessly!
You are too injured to fight recklessly!
You are too injured to fight recklessly!
You stomp with the beat, sending a shockwave through the revellers around you!
The sleepcap is moderately damaged.
The black bear is severely wounded.
You can no longer pass through a line of other dancers.
The sleepcap releases spores at you.
You are engulfed in a cloud of soporific spores!
You fall asleep.
The black bear bites you!
You wake up.
The black bear claws you. The black bear barely misses you.
The orc warrior hits you from afar with a +0 halberd!!
* * * LOW HITPOINT WARNING * * *
You can now pass through a line of other dancers.
Your transformation has ended.
You turn into a tree.
Your +0 animal skin melds into your body.
Your roots penetrate the ground.
The sleepcap releases spores at you but does no damage.
The black bear bites you but does no damage.
The black bear claws you but does no damage.
The black bear claws you.
* * * LOW HITPOINT WARNING * * *
The orc warrior hits you from afar with a +0 halberd!
* * * LOW HITPOINT WARNING * * *
It was a potion of curing.
You feel better. The sleepcap releases spores at you.
* * * LOW HITPOINT WARNING * * *
The orc warrior hits you from afar with a +0 halberd!
You die...

### #####
+..# #...#
#...#+.8.#
#.o.#...#
#.h#...######
#♣.8.'....#
#f#...####.##
#sS#...# #..#
..##+.8.#
##.# ##.
#...# #.# #
#####
#.#######
#........
#.######.
#.######.


You could see an orc warrior, a black bear, a sleepcap, a scorpion and an adder.

Vanquished Creatures
  A wyvern (D:4)
  A water moccasin (D:4)
  An ice beast (D:5)
  An ogre (D:5)
  A centaur (D:5)
  A phantom (D:5)
  Blork the orc (D:5)
  A gnoll sergeant (D:5)
  2 scorpions (D:5)
  3 bombardier beetles
  A jelly (D:5)
  A sleepcap (D:5)
  Jessica (D:2)
  An iguana (D:5)
  7 gnolls
  6 adders
  A shadow imp (D:5)
  A white imp (D:5)
  3 dart slugs
  An orc (D:4)
  4 endoplasms
  6 giant cockroaches
  8 goblins
  14 hobgoblins
  4 jackals (D:2)
  5 kobolds
  5 quokkas
  4 ball pythons
  3 bats
  4 frilled lizards
  5 rats
98 creatures vanquished.

Notes
Turn   | Place    | Note
-------+----------+-------------------------------------------
     0 | D:1      | BigPumpCobain the Troll Shapeshifter began the quest for
                  | the Orb.
     0 | D:1      | Reached XP level 1. HP: 18/18 MP: 0/0
   140 | D:1      | Reached skill level 1 in Fighting
   178 | D:1      | Reached XP level 2. HP: 27/27 MP: 1/1
   415 | D:1      | Found Zemyp's Jewellery Shop.
   643 | D:1      | Reached XP level 3. HP: 33/33 MP: 2/2
   997 | D:2      | Reached skill level 4 in Unarmed Combat
  1018 | D:2      | Noticed Jessica
  1023 | D:2      | Killed Jessica
  1024 | D:2      | Reached XP level 4. HP: 42/42 MP: 3/3
  1232 | D:2      | Found a faded altar of an unknown god.
  1417 | D:3      | Found an opulent altar of Gozag.
  1424 | D:3      | Found an opulent altar of Gozag.
  1424 | D:3      | Found an opulent altar of Gozag.
  1430 | D:3      | Found an opulent altar of Gozag.
  1602 | D:3      | Identified the +7 dagger "Keetygro" {freeze, rC+}
  2194 | D:4      | Reached XP level 5. HP: 49/49 MP: 4/4
  2220 | D:4      | You are sucked into a shaft and drop 1 floor!
  2220 | D:5      | Entered Level 5 of the Dungeon
  2493 | D:4      | Noticed a water moccasin
  2502 | D:4      | Killed a water moccasin
  2503 | D:4      | Reached skill level 5 in Unarmed Combat
  2503 | D:4      | Reached XP level 6. HP: 26/59 MP: 0/5
  2575 | D:4      | Found a glowing silver altar of Zin.
  2639 | D:4      | Noticed a wyvern
  2650 | D:4      | Killed a wyvern
  2832 | D:5      | Reached skill level 6 in Unarmed Combat
  2832 | D:5      | Reached XP level 7. HP: 56/67 MP: 4/6
  2937 | D:5      | Noticed Blork the orc
  2944 | D:5      | Killed Blork the orc
  3039 | D:5      | Reached skill level 7 in Unarmed Combat
  3039 | D:5      | Reached skill level 5 in Shapeshifting
  3071 | D:5      | Found a staircase to the Ecumenical Temple.
  3129 | Temple   | Entered the Ecumenical Temple
  3154 | Temple   | Became a worshipper of Uskayaw the Reveller
  3188 | D:5      | Reached * piety under Uskayaw
  3222 | D:5      | Reached ** piety under Uskayaw
  3223 | D:5      | Reached XP level 8. HP: 64/78 MP: 4/7
  3288 | D:5      | Reached skill level 1 in Invocations
  3374 | D:5      | Reached *** piety under Uskayaw
  3376 | D:5      | Reached **** piety under Uskayaw
  3478 | D:5      | HP: 2/117 [orc warrior/+0 halberd (7)]
  3479 | D:5      | Slain by an orc warrior

Illustrated notes

Levels and vault maps discovered:
D:1:      dpeg_arrival_water_fire, layout_basic, serial_shops,
          nicolae_diamond_shop
D:2:      layout_rooms, shapermc_ecumenical_altar_hornbeckon,
          grunt_decor_mini_mirrors, uniq_jessica
D:3:      layout_basic, nicolae_gozag_conspicuous_consumption,
          hangedman_decor_slide_cut, kennysheep_big_empty_room,
          minmay_misc_feat_tiny
D:4:      layout_basic, nicolae_overflow_hidden_temple, grunt_ministairs_15,
          kennysheep_nub
D:5:      minmay_chambers_of_threes, layout_loops_ring,
          minmay_temple_entry_trees, uniq_blork_the_orc
Temple:   lightli_temple_of_artemis

Skill      XL: |  1  2  3  4  5  6  7  8 |
---------------+-------------------------+-----
Fighting       | 1 2 3 |  3.9
Unarmed Combat | 4 5 6 7 |  7.6
Shapeshifting  | 4 5 |  5.3
Invocations    | 1 |  1.4
Dodging        | |  1.5

Action                     |  1- 3 |  4- 6 |  7- 9 || total
---------------------------+-------+-------+-------++-------
  Melee: Unarmed           |    82 |    98 |    55 ||   235
         Punch             |     2 |     2 |     1 ||     5
 Invoke: Stomp             |       |       |     1 ||     1
    Use: Scroll            |       |       |     8 ||     8
         Potion            |       |       |     2 ||     2
   Stab: Sleeping          |       |       |     2 ||     2
         Paralysed         |       |       |     1 ||     1
 Armour: Animal skin       |    45 |    59 |    49 ||   153
         Skin              |       |       |     7 ||     7
  Dodge: Dodged            |    39 |    39 |    29 ||   107

Table legend: (Time is in decaauts)
 A = Elapsed time spent in this place.
 B = Non-inter-level travel time spent in this place.
 C = Inter-level travel time spent in this place.
 D = Time resting spent in this place.
 E = Time spent auto-exploring this place.
 F = Levels seen in this place.
 G = Mean time per level.
                   A        B        C        D        E       F      G
               +--------+--------+--------+--------+--------+-----+--------+
         Total |   3456 |   3154 |    302 |     50 |   2545 |   6 |  576.0 |
       Dungeon |   3405 |   3152 |    253 |     50 |   2545 |   5 |  681.0 |
        Temple |     50 |      1 |     49 |      0 |      0 |   1 |   50.0 |
               +--------+--------+--------+--------+--------+-----+--------+

Top non-repeatable levels by time:
     D:1: 958 daAuts
     D:3: 778 daAuts
     D:4: 642 daAuts
     D:5: 613 daAuts
     D:2: 413 daAuts
  Temple: 50 daAuts
